 Dungeon Crawl Stone Soup version 0.16-a0-296-gbdb9f68 (webtiles) character file.

718 Kashira the Gusty (level 7, 0/38 HPs)
             Began as a Tengu Air Elementalist on Aug 29, 2014.
             Killed by divine providence
             ... invoked by an orc priest
              (9 damage)
             ... on Level 6 of the Dungeon.
             The game lasted 00:30:13 (5812 turns).

Kashira the Gusty (Tengu Air Elementalist)          Turns: 5812, Time: 00:30:13

HP   0/38        AC  4     Str  9      XL: 7   Next: 70%
MP  16/18        EV 16     Int 16      God:
Gold 303         SH  0     Dex 15      Spells:  3 memorised, 10 levels left

rFire  . . .     SeeInvis .     G - staff of poison
rCold  . . .     Clarity  .     a - +0 robe
rNeg   + . .     rCorr    .     (no shield)
rPois  +         rRot     .     (helmet restricted)
rElec  .         Spirit   .     u - +0 cloak
SustAb .         Warding  +     l - +0 pair of gloves
rMut   .         Stasis   .     (boots unavailable)
Gourm  .                        y - amulet of warding
MR     .....                    E - cursed ring of invisibility
                                f - +3 ring of evasion

@: very slightly contaminated, hasted, very quick, not resistant to hostile
enchantments, unstealthy
A: able to fly, beak, talons 3
a: Fly, Evoke Invisibility


You were on level 6 of the Dungeon.
You were not hungry.

You visited 2 branches of the dungeon, and saw 7 of its levels.

You collected 303 gold pieces.

Inventory:

Hand weapons
 h - a +0 short sword
 C - a +0 shortbow
Missiles
 i - 27 stones (quivered)
 A - 9 poisoned needles
 B - 4 arrows of frost
Armour
 a - a +0 robe (worn)
 l - a +0 pair of gloves (worn)
 u - a +0 cloak (worn)
Magical devices
 o - a wand of flame (5)
Comestibles
 c - 2 bread rations
 g - a beef jerky
 s - 4 fruits
 F - a slice of pizza
Scrolls
 e - a scroll of identify
 m - a scroll of recharging {unknown}
 q - 2 scrolls of enchant armour {unknown}
 w - 2 scrolls of amnesia
 z - a scroll of remove curse
Jewellery
 f - a +3 ring of evasion (left hand)
 y - an amulet of warding (around neck)
 E - a cursed ring of invisibility (right hand)
Potions
 d - a potion of flight {unknown}
 j - 2 potions of haste
 k - a potion of agility {unknown}
 n - a potion of magic {unknown}
 p - a potion of lignification {unknown}
 r - a potion of cancellation
 t - 2 potions of berserk rage {unknown}
 v - a potion of curing {unknown}
 x - a potion of brilliance {unknown}
Books
 b - a book of Air

   Spells                             Type                      Level
   *Shock                             Conjuration/Air              1
   *Swiftness                         Charms/Air                   2
   *Repel Missiles                    Charms/Air                   2
   Flight                             Charms/Air                   3
   Static Discharge                   Conjuration/Air              3
   Lightning Bolt                     Conjuration/Air              5
Magical staves
 G - an uncursed staff of poison (weapon)


   Skills:
 + Level 1.0 Fighting
 + Level 0.2 Short Blades
 + Level 3.5 Dodging
 + Level 2.6 Stealth
 + Level 4.5 Spellcasting
 + Level 5.3 Conjurations
 + Level 6.6 Air Magic
 + Level 0.9 Evocations


You had 10 spell levels left.
You knew the following spells:

 Your Spells              Type           Power        Failure   Level  Hunger
a - Shock                 Conj/Air       ###.         1%          1    None
b - Swiftness             Chrm/Air       ##......     10%         2    ##.....
c - Repel Missiles        Chrm/Air       ##....       10%         2    ##.....


Dungeon Overview and Level Annotations

Branches:
Dungeon (6/15)             Temple (1/1) D:4

Altars:
Ashenzari
Cheibriados
Dithmenos
Elyvilon
Fedhas
Gozag
Kikubaaqudgha
Makhleb
Nemelex Xobeh
Okawaru
Sif Muna
Trog
Xom
Yredelemnul
Zin
The Shining One


Innate Abilities, Weirdness & Mutations

You can fly.
You have a beak for a mouth.
You have claws for feet.


Message History

Aim: an orc priest (hasn't noticed you)
The zap hits the orc priest.
The orc priest appears unharmed.
The orc priest is moderately wounded.
The zap hits the orc priest.
The orc priest is lightly wounded.
The orc priest calls down the wrath of Beogh upon you.
Something smites you!
The orc priest mumbles some strange prayers to Beogh against you.
Pain shoots through your body!
* * * LOW HITPOINT WARNING * * *
Drink which item? (? for menu, Esc to quit)
You feel yourself speed up.
The orc priest looks braver.
You are very lightly contaminated with residual magic.
An orc comes into view. It is wielding a flail.
Things that are here:
a morningstar; a ring mail The orc priest invokes the aid of Beogh against you.
Something smites you!
You die...

##..#######.# ##
#...#.......#
#####o...
......#######
#.o..oo.#
#..###...#######.#
..># #..........o#
#.## #...###.###.#
.>.# ##.## #.# #.#
...# #.# #.# #)#
...# #.####.###@#
...# #!#........#
...####.#.##.##..#
..<.....# #.##..#
........# #..#....
........#
##.#.###..
...#.#### .#.# ...
...#.# ...# #
...#.# .###


You could see an orc priest and an orc.

Vanquished Creatures
  An ice beast (D:5)
  A centaur (D:5)
  A scorpion (D:3)
  A crimson imp (D:6)
  2 hounds
  5 worker ants
  Natasha (thrice) (D:5)
  An iguana (D:6)
  An ogre zombie (D:6)
  6 adders
  A giant mite (D:1)
  5 worms
  8 giant geckos
  7 orcs
  8 giant cockroaches
  15 goblins
  11 hobgoblins
  10 kobolds
  2 ball pythons
  14 bats
  3 giant newts
  A kobold zombie (D:6)
  4 quokkas
  6 rats
117 creatures vanquished.

Notes
Turn   | Place    | Note
--------------------------------------------------------------
     0 | D:1      | Kashira, the Tengu Air Elementalist, began the quest for the Orb.
     0 | D:1      | Reached XP level 1. HP: 10/10 MP: 3/3
   249 | D:1      | Reached XP level 2. HP: 12/15 MP: 0/5
   560 | D:1      | Reached XP level 3. HP: 15/19 MP: 0/7
  1377 | D:2      | Reached XP level 4. HP: 22/24 MP: 0/9
  1684 | D:2      | Learned a level 2 spell: Swiftness
  1687 | D:2      | Learned a level 2 spell: Repel Missiles
  1737 | D:2      | Reached skill level 5 in Air Magic
  2660 | D:3      | Reached XP level 5. HP: 28/28 MP: 0/13
  2869 | D:3      | Found a basalt altar of Yredelemnul.
  2869 | D:3      | Found a bloodstained altar of Trog.
  2870 | D:3      | Found a sparkling altar of Nemelex Xobeh.
  3100 | D:3      | Found a shimmering altar of Xom.
  3100 | D:3      | Found a blossoming altar of Fedhas.
  3490 | D:4      | Reached XP level 6. HP: 14/33 MP: 2/15
  3897 | D:4      | Found a staircase to the Ecumenical Temple.
  3912 | Temple   | Entered the Ecumenical Temple
  4045 | D:4      | Reached skill level 6 in Air Magic
  4610 | D:5      | Entered Level 5 of the Dungeon
  4655 | D:5      | Found a snail-covered altar of Cheibriados.
  4676 | D:5      | Found a glowing silver altar of Zin.
  4676 | D:5      | Found a burning altar of Makhleb.
  4687 | D:5      | Reached XP level 7. HP: 24/37 MP: 9/17
  4788 | D:5      | Noticed a balrug
  4788 | D:5      | Noticed an angel
  4884 | D:5      | Found a white marble altar of Elyvilon.
  4969 | D:5      | Noticed Natasha
  4975 | D:5      | Killed Natasha
  5046 | D:5      | Noticed Natasha
  5048 | D:5      | Killed Natasha
  5145 | D:5      | Reached skill level 1 in Fighting
  5145 | D:5      | Reached skill level 5 in Conjurations
  5208 | D:5      | Noticed Natasha
  5211 | D:5      | Killed Natasha
  5812 | D:6      | Killed from afar by an orc priest

Action                   |  1- 3 |  4- 6 |  7- 9 || total
-------------------------+-------+-------+-------++-------
Melee: Unarmed           |     2 |       |       ||     2
       Club              |     3 |       |       ||     3
       Short sword       |     9 |    12 |       ||    21
       Staff             |       |       |     3 ||     3
Throw: Stone             |       |     1 |       ||     1
 Cast: Shock             |    75 |   181 |    80 ||   336
       Repel Missiles    |       |       |     1 ||     1
Evoke: Wand              |       |     4 |       ||     4
  Use: Scroll            |       |     6 |     3 ||     9
       Potion            |       |       |     2 ||     2
  Eat: Chunk             |     2 |    11 |     4 ||    17
